 Dungeon Crawl Stone Soup version 0.14-a0-519-g334afa2 (webtiles) character file.

21643 PolkaDot the Cloud Mage (level 12, -3/72 HPs)
             Began as a Vampire Wizard on Nov 2, 2013.
             Was the Champion of Sif Muna.
             Slain by a five-headed hydra (12 damage)
             ... on Level 3 of the Lair of Beasts.
             The game lasted 02:50:50 (23521 turns).

PolkaDot the Cloud Mage (Vampire Wizard)           Turns: 23521, Time: 02:50:52

HP  -3/72        AC  7     Str  6      XL: 12   Next: 52%
MP  18/35        EV 18     Int 28      God: Sif Muna [******]
Gold 365         SH  0     Dex 21      Spells:  5 memorised,  6 levels left

Res.Fire  : . . .   See Invis. : +   q - staff of power
Res.Cold  : + + .   Warding    : .   I - +1 orc robe {MR+}
Life Prot.: + + +   Conserve   : .   (no shield)
Res.Poison: +       Res.Corr.  : .   b - +1 wizard hat
Res.Elec. : .       Clarity    : .   y - +0 cloak
Sust.Abil.: . .     Spirit.Shd : .   v - +0 pair of gloves
Res.Mut.  : .       Stasis     : .   P - +0 pair of elf boots (curse)
Res.Rott. : +       Flight     : .   N - amulet of Koicivax {Faith Int+5}
Saprovore : . . .                    l - ring of regeneration
                                     a - +3 ring of dexterity

@: regenerating slowly, agile, quite resistant to hostile enchantments, very
stealthy
A: bottle blood, fangs 3, see invisible, unbreathing
a: Bat Form, Bottle Blood, Channel Energy, Forget Spell, Renounce Religion


You were on level 3 of the Lair of Beasts.
You worshipped Sif Muna.
Sif Muna was exalted by your worship.
You were near bloodless.

You visited 3 branches of the dungeon, and saw 16 of its levels.
You also visited: Sewer, Ossuary and Volcano.

You collected 1003 gold pieces.
You spent 638 gold pieces at shops.

Inventory:

Hand weapons
 f - a +4,+2 falchion
Armour
 b - a +1 wizard hat (worn)
 v - a +0 pair of gloves (worn)
 y - a +0 cloak (worn)
 I - a +1 orcish robe of magic resistance (worn)
 P - a cursed +0 pair of elven boots (worn)
Magical devices
 h - a wand of fire (9)
 n - a wand of heal wounds (2)
 w - a wand of enslavement (10) {unknown}
 G - a wand of slowing (6)
 H - a wand of lightning (2)
 L - a wand of draining (10)
Scrolls
 d - 2 scrolls of enchant weapon I
 e - a scroll of enchant armour
 j - 3 scrolls of enchant weapon II
 o - 5 scrolls of recharging
 t - 3 scrolls of fear
 B - 7 scrolls of remove curse
Jewellery
 a - a +3 ring of dexterity (left hand)
 g - an uncursed amulet of stasis
 k - an uncursed ring of sustenance
 l - a ring of regeneration (right hand)
 r - an uncursed ring of protection from cold {unknown}
 F - a cursed amulet of resist mutation
 N - the amulet of Koicivax (around neck) {Faith Int+5}
   (You bought it in a shop on level 5 of the Dungeon)

   [amulet of faith]

   It affects your intelligence (+5).
Potions
 i - 3 potions of speed
 m - 9 potions of curing
 p - 2 potions of brilliance
 s - a potion of might
 u - a potion of porridge {unknown}
 x - a potion of agility
 A - a potion of resistance
 D - a potion of magic
 J - 3 potions of restore abilities
Books
 c - a book of Minor Magic

   Spells                             Type                      Level
   *Magic Dart                        Conjuration                  1
   *Blink                             Translocation                2
   Call Imp                           Summoning                    2
   *Repel Missiles                    Charms/Air                   2
   Slow                               Hexes                        2
   *Conjure Flame                     Conjuration/Fire             3
   *Mephitic Cloud                    Conjuration/Poison/Air       3
 z - Sif Muna's Secret Knowledge, Part One
   (Sif Muna gifted it to you on level 3 of the Lair of Beasts)

   Spells                             Type                      Level
   Infusion                           Charms                       1
   Sting                              Conjuration/Poison           1
   Flame Tongue                       Conjuration/Fire             1
   Corona                             Hexes                        1
   Beastly Appendage                  Transmutation                1
 C - a book of War Chants

   Spells                             Type                      Level
   Fire Brand                         Charms/Fire                  2
   Freezing Aura                      Charms/Ice                   2
   Shroud of Golubria                 Charms/Translocation         2
   *Repel Missiles                    Charms/Air                   2
   Poison Weapon                      Charms/Poison                3
   Regeneration                       Charms/Necromancy            3
Magical staves
 q - an uncursed staff of power (weapon)


   Skills:
 - Level 2.1 Dodging
 - Level 3.0 Stealth
 - Level 3.0 Spellcasting
 - Level 8.0 Conjurations
 + Level 10.1 Charms
   Level 1.0 Summonings
 - Level 4.0 Translocations
 * Level 13.8 Air Magic
 - Level 4.6 Invocations


You had 6 spell levels left.
You knew the following spells:

 Your Spells              Type           Power        Failure   Level  Hunger
a - Magic Dart            Conj           ####         1%          1    None
d - Mephitic Cloud        Conj/Pois/Air  #####...     1%          3    ###....
q - Blink                 Tloc           N/A          2%          2    #......
s - Conjure Flame         Conj/Fire      ####....     6%          3    ###....
w - Repel Missiles        Chrm/Air       ######....   1%          2    #......


Dungeon Overview and Level Annotations

Branches:
Dungeon (12/27)            Temple (1/1) D:5            Lair (3/8) D:12
    Orc: D:6-11       Swamp: Lair:3-6    Shoals: Lair:3-6     Snake: Lair:3-6
 Spider: Lair:3-6

Altars:
Ashenzari
Cheibriados
Elyvilon
Fedhas
Kikubaaqudgha
Makhleb
Nemelex Xobeh
Okawaru
Sif Muna
Trog
Vehumet
Xom
Yredelemnul
Zin
the Shining One

Shops:
D:5 =   D:11 /((

Annotations:
D:8 KuKumber's ghost, experienced LOFi
Lair:3 Gastronok; Zero's ghost, powerful MiFi


Innate Abilities, Weirdness & Mutations

You heal slowly.
You can bottle blood from corpses.
You have razor-sharp teeth.*
You have supernaturally acute eyesight.
You can survive without breathing.*


Message History

Drink which item? (? for menu, Esc to quit)
Okay, then.
Okay, then.
Drink which item? (? for menu, Esc to quit)
You feel more agile all of a sudden.
The five-headed hydra is engulfed in roaring flames.
The five-headed hydra bites you.
The five-headed hydra barely misses you.
The five-headed hydra bites you but does no damage.
The five-headed hydra completely misses you.
The five-headed hydra bites you!
Drink which item? (? for menu, Esc to quit)
You feel better.
The five-headed hydra is engulfed in roaring flames.
The five-headed hydra bites you.
* * * LOW HITPOINT WARNING * * *
The five-headed hydra bites you!
* * * LOW HITPOINT WARNING * * *
The five-headed hydra bites you!
You die...

...........#.#
............##
...........##
...#....######
...##....P.#.#####
............§§...#
....#.......§§§..#
..........#.###D.#
..........#####f@#
..........##.###.#
............#....#
f##.#.#.f..##..###
######..###..f#
###
##.##...####.###
#..............#
#.............##
#.............##


You could see a five-headed hydra.

Vanquished Creatures
  Harold (D:11)
  3 hydras
  The ghost of Deemzul the Martial Artist, an experienced DsMo of Cheibriados (D:10)
  2 unseen horrors (D:10)
  A cyclops (D:11)
  A feature mimic (Lair:3)
  Psyche (D:8)
  4 spiny frogs
  A fire drake (Lair:2)
  Grinder (D:6)
  3 komodo dragons (Lair:1)
  A spriggan (D:7)
  A two-headed ogre (D:11)
  8 blink frogs
  Prince Ribbit (D:8)
  A basilisk (Lair:1)
  Eustachio (D:8)
  A wyvern (D:8)
  8 yaks
  2 hippogriffs
  2 hungry ghosts
  6 wolves (Lair:3)
  Edmund (D:5)
  5 porcupines
  A giant goldfish (D:7)
  4 necrophages (D:7)
  5 orc warriors (D:10)
  3 phantoms
  A black bear (D:5)
  6 ice beasts
  12 centaurs
  2 sky beasts
  7 crocodiles
  6 ogres
  Sigmund (D:4)
  A water moccasin (Lair:1)
  A big kobold (D:11)
  2 giant slugs
  7 giant frogs
  5 agate snails
  A troll zombie (D:7)
  5 jellies
  A hippogriff skeleton (D:10)
  9 wights
  4 killer bees (D:7)
  8 crimson imps
  5 hounds
  2 orc priests
  2 goliath beetles
  An electric eel (D:7)
  A giant frog zombie (D:6)
  A giant frog skeleton (D:6)
  2 big fish (D:7)
  Crazy Yiuf (D:2)
  A yellow wasp zombie (D:7)
  3 scorpions
  8 worker ants
  13 orc wizards
  2 iguanas
  A killer bee zombie (D:9)
  4 sheep (D:11)
  A sky beast zombie (D:8)
  2 big kobold skeletons
  2 hound zombies (D:7)
  A worker ant zombie (D:7)
  15 mummies
  15 adders
  7 gnolls
  11 green rats
  3 giant centipedes
  7 worms
  2 adder zombies (D:7)
  A scorpion zombie (D:7)
  4 grey rats (D:3)
  3 giant eyeballs
  4 giant geckos
  An ooze (D:3)
  50 orcs
  A bat zombie (D:7)
  3 giant cockroaches
  4 gnoll zombies (Ossuary)
  15 goblins
  13 hobgoblins
  18 jackals
  12 quokkas
  3 ball pythons
  23 bats
  A giant gecko zombie (D:7)
  9 giant newts
  A giant newt skeleton (D:5)
  2 giant spores (D:8)
  2 goblin zombies (D:5)
  A hobgoblin skeleton (D:7)
  24 kobolds
  A kobold skeleton (D:5)
  3 kobold zombies
  An orc skeleton (D:10)
  2 orc zombies (Ossuary)
  A quokka zombie (D:5)
  30 rats
  A rat zombie (D:7)
  2 ballistomycetes (D:8)
  5 plants (Sewer)
503 creatures vanquished.

Vanquished Creatures (others)
  A fungus (D:12)
  A plant (D:7)
2 creatures vanquished.

Grand Total: 505 creatures vanquished

Notes
Turn   | Place    | Note
--------------------------------------------------------------
     0 | D:1      | PolkaDot, the Vampire Wizard, began the quest for the Orb.
     0 | D:1      | Reached XP level 1. HP: 11/11 MP: 6/6
   262 | D:1      | Reached skill level 1 in Conjurations
   475 | D:1      | Reached XP level 2. HP: 10/17 MP: 1/8
  1464 | D:2      | Reached XP level 3. HP: 20/22 MP: 1/10
  1627 | D:2      | Learned a level 3 spell: Conjure Flame
  1631 | D:2      | Learned a level 3 spell: Mephitic Cloud
  2275 | D:2      | Noticed Crazy Yiuf
  2359 | D:3      | Reached XP level 4. HP: 28/28 MP: 2/12
  2613 | D:3      | Found a glowing drain.
  2624 | Sewer    | Entered a sewer
  3058 | Sewer    | Reached XP level 5. HP: 33/33 MP: 10/13
  3961 | D:3      | Reached skill level 4 in Conjurations
  3989 | D:3      | Found a blossoming altar of Fedhas.
  4124 | D:3      | Noticed an ice beast
  4216 | D:3      | Killed an ice beast
  4339 | D:3      | Reached XP level 6. HP: 39/39 MP: 5/15
  5090 | D:2      | Killed Crazy Yiuf
  5211 | D:4      | Reached skill level 5 in Conjurations
  5213 | D:4      | Noticed Sigmund
  5369 | D:5      | Entered Level 5 of the Dungeon
  5386 | D:5      | Reached XP level 7. HP: 44/44 MP: 3/17
  5678 | D:5      | Found a staircase to the Ecumenical Temple.
  5750 | D:5      | Found a sand-covered staircase.
  5797 | Ossuary  | Entered an ossuary
  6733 | D:5      | Found Woziclyi's Jewellery Shoppe.
  6816 | D:5      | Noticed Edmund
  6890 | Temple   | Entered the Ecumenical Temple
  7442 | D:5      | Killed Edmund
  7442 | D:5      | Reached skill level 6 in Conjurations
  7442 | D:5      | Reached skill level 5 in Air Magic
  7442 | D:5      | Reached XP level 8. HP: 43/50 MP: 9/18
  8029 | D:6      | Noticed Grinder
  8048 | D:6      | Paralysed by Grinder for 3 turns
  8052 | D:6      | Killed Grinder
  8204 | D:6      | Reached skill level 7 in Air Magic
  8973 | D:6      | Reached XP level 9. HP: 55/55 MP: 7/19
  9527 | D:7      | Reached skill level 8 in Air Magic
 10737 | D:7      | Reached skill level 9 in Air Magic
 11698 | D:7      | Reached skill level 10 in Air Magic
 12389 | D:7      | Reached XP level 10. HP: 56/61 MP: 17/20
 13126 | D:8      | Found a glowing golden altar of the Shining One.
 13668 | D:8      | Found a white marble altar of Elyvilon.
 13668 | D:8      | Found a deep blue altar of Sif Muna.
 13668 | D:8      | Found a basalt altar of Yredelemnul.
 13675 | D:8      | Became a worshipper of Sif Muna the Loreminder
 13805 | D:4      | Learned a level 2 spell: Repel Missiles
 13808 | D:4      | Learned a level 2 spell: Blink
 13856 | D:4      | Killed Sigmund
 14669 | D:8      | Reached skill level 1 in Charms
 14836 | D:8      | Noticed Prince Ribbit
 14838 | D:8      | Noticed Eustachio
 14860 | D:8      | Killed Prince Ribbit
 14985 | D:8      | Killed Eustachio
 15029 | D:8      | Reached skill level 11 in Air Magic
 15182 | D:8      | Noticed Psyche
 15278 | D:8      | Killed Psyche
 15278 | D:8      | Acquired Sif Muna's first power
 15471 | D:8      | Noticed KuKumber's ghost (experienced LOFi)
 15834 | D:9      | Reached skill level 5 in Charms
 16402 | D:10     | Entered Level 10 of the Dungeon
 16639 | D:10     | Reached skill level 1 in Translocations
 17059 | D:10     | Acquired Sif Muna's second power
 17187 | D:10     | Noticed Deemzul's ghost (experienced DsMo)
 17207 | D:10     | Found a bloodstained altar of Trog.
 17224 | D:10     | Killed Deemzul's ghost
 17224 | D:10     | Reached XP level 11. HP: 35/66 MP: 6/21
 17317 | D:10     | Noticed an unseen horror
 17343 | D:10     | Killed an unseen horror
 17506 | D:10     | Paralysed by a giant eyeball for 4 turns
 17542 | D:10     | Noticed an unseen horror
 17579 | D:10     | Killed an unseen horror
 17961 | D:10     | Paralysed by a giant eyeball for 3 turns
 17972 | D:10     | Paralysed by a giant eyeball for 4 turns
 18200 | D:5      | Bought the amulet of Koicivax {Faith Int+5} for 638 gold pieces
 18663 | D:11     | Noticed Harold
 18725 | D:11     | Killed Harold
 19079 | D:11     | Found Ykalai's Weapon Emporium.
 19473 | D:11     | Noticed a six-headed hydra
 19491 | D:11     | Killed a six-headed hydra
 19491 | D:11     | Reached skill level 1 in Invocations
 19677 | D:11     | Found Topiok's Magical Wand Boutique.
 19777 | D:11     | Acquired Sif Muna's third power
 19844 | D:11     | Found Hewat's Antique Weapon Boutique.
 19901 | D:11     | Got an ancient leather armour
 19902 | D:11     | Identified the cursed -4 leather armour "Stret" {rF+} (You found it on level 11 of the Dungeon)
 20098 | D:12     | Noticed a hill giant
 20178 | D:12     | Found a staircase to the Lair.
 20303 | Lair:1   | Entered Level 1 of the Lair of Beasts
 20528 | Lair:1   | Reached skill level 12 in Air Magic
 21175 | Lair:1   | Reached XP level 12. HP: 40/72 MP: 13/22
 21706 | Lair:2   | Noticed a five-headed hydra
 21717 | Lair:2   | Killed a five-headed hydra
 21717 | Lair:2   | Reached skill level 13 in Air Magic
 21819 | Lair:2   | Found a dark tunnel.
 21855 | Volcano  | Entered a volcano
 22369 | Lair:2   | Noticed a four-headed hydra
 22791 | Lair:2   | Killed a four-headed hydra
 22893 | Lair:3   | Found a hole to the Spider Nest.
 22955 | Lair:3   | the hole to the Spider Nest was a mimic.
 23024 | Lair:3   | Noticed Zero's ghost (powerful MiFi)
 23253 | Lair:3   | Noticed Gastronok
 23345 | Lair:3   | Reached skill level 10 in Charms
 23380 | Lair:3   | Received a gift from Sif Muna
 23394 | Lair:3   | Identified Sif Muna's Secret Knowledge, Part One (Sif Muna gifted it to you on level 3 of the Lair of Beasts)
 23499 | Lair:3   | Noticed a five-headed hydra
 23521 | Lair:3   | Slain by a five-headed hydra

Action                   |  1- 3 |  4- 6 |  7- 9 | 10-12 || total
-------------------------+-------+-------+-------+-------++-------
Melee: Dagger            |    18 |       |    43 |   192 ||   253
       Short sword       |     1 |   318 |    33 |       ||   352
       Falchion          |       |       |     8 |   109 ||   117
       Staff             |       |       |       |     2 ||     2
 Cast: Magic Dart        |    96 |   182 |   566 |   931 ||  1775
       Conjure Flame     |     3 |     5 |    44 |   216 ||   268
       Mephitic Cloud    |       |     6 |    15 |    57 ||    78
       Repel Missiles    |       |       |       |     1 ||     1
       Blink             |       |       |       |     8 ||     8
Invok: Channel Energy    |       |       |       |   413 ||   413
 Abil: Bottle Blood      |       |     8 |    18 |     1 ||    27
       End Transformatio |       |       |       |     1 ||     1
       Bat Form          |       |       |       |     1 ||     1
Evoke: Wand              |     1 |       |       |     5 ||     6
  Use: Potion            |     1 |     4 |    24 |    14 ||    43
       Scroll            |       |    13 |    10 |    23 ||    46
 Stab: Sleeping          |     2 |     1 |     3 |       ||     6
       Confused          |       |       |       |     6 ||     6
